 Dungeon Crawl Stone Soup version 0.31.0-11-ge490571c62 (webtiles) character file.

Game seed: 11531880254226505792

301 EonDragon20 the Changeling (level 6, -1/46 HPs)
             Began as a Merfolk Shapeshifter on Feb 10, 2024.
             Slain by an ogre
             ... wielding a +0 giant club
              (17 damage)
             ... on level 4 of the Dungeon.
             The game lasted 00:11:33 (3772 turns).

EonDragon20 the Changeling (Merfolk Shapeshifter)   Turns: 3772, Time: 00:11:33

Health: -1/46      AC:  0    Str: 15    XL:     6   Next: 37%
Magic:  6/6        EV: 17    Int:  9    God:
Gold:   255        SH:  0    Dex: 15    Spells: 5/5 levels left

rFire   . .          .
                       - Unarmed
rCold   . . .        (shield currently unavailable)
rNeg    . . .        a - melded +0 animal skin
rPois   .            (no helmet)
rElec   .            (no cloak)
rCorr   .            (no gloves)
SInv    .            (no boots)
Will    .....        (no amulet)
Stlth   +            (no ring)
HPRegen 0.27/turn    (no ring)
MPRegen 0.10/turn

%: no passive effects
@: flux-form, glowing
A: glow, contaminating, (nimble swimmer 2), mertail
a: Begin Untransformation


You were on level 4 of the Dungeon.
You were something dangerously unstable.
You visited 1 branch of the dungeon, and saw 4 of its levels.

You collected 255 gold pieces.

Inventory:

Armour
 a - a +0 animal skin (melded)
Talismans
 c - a beast talisman
 d - a flux talisman (active)
 n - a serpent talisman
Scrolls
 e - a scroll of teleportation
 f - 3 scrolls of identify
 j - a scroll of immolation
Potions
 b - a potion of lignification
 g - a potion of magic
 h - 2 potions of enlightenment
 i - a potion of heal wounds {unknown}
 k - a potion of curing {unknown}
 l - a potion of haste {unknown}
 m - a potion of ambrosia {unknown}
 o - a potion of brilliance {unknown}
 p - a potion of mutation {unknown}


   Skills:
 * Level 2.5 Fighting
 * Level 3.9 Dodging
 * Level 4.1 Unarmed Combat
 - Level 7.1 Shapeshifting


You had 5 spell levels left.
You didn't know any spells.
Your spell library contained the following spells:

 Spells                   Type           Power      Damage    Failure   Level
 Summon Ice Beast         Ice/Summ       0%         N/A       77%         3
 Summon Mana Viper        Hex/Summ       0%         N/A       100%        5
 Monstrous Menagerie      Summ           0%         N/A       100%        7


Dungeon Overview and Level Annotations

Branches:
Dungeon (4/15)
 Temple: D:4-7

Altars:
Elyvilon
Makhleb


Innate Abilities, Weirdness & Mutations

You are something dangerously unstable.
You glow with magical radiation, making you easy to see and hit.
Foes you strike become dangerously contaminated with magical radiation.
You are incapable of wielding weapons or throwing items.
((You are very nimble when in or above water. (Stealth+, EV+, Speed+++)))
Your lower body shifts to a powerful aquatic tail in water.


Message History

You barely miss the quokka. The quokka closely misses you.
You barely miss the quokka. The quokka bites you.
You closely miss the quokka. The quokka bites you.
You hit the quokka.
The quokka begins to glow.
The quokka is almost dead.
The quokka closely misses you.
You hit the quokka.
You kill the quokka!
A goblin comes into view. It is wielding a +0 club.
The goblin shouts!
You hear a shout!
You see here a quokka corpse.
A goblin is nearby!
The ogre shouts!
You see here a quokka corpse.
The goblin attacks as it pursues you! The goblin hits you with a +0 club.
There is a stone staircase leading up here.
The goblin barely misses you.
You hit the goblin.
The goblin begins to glow.
The goblin is heavily wounded.
You hit the goblin.
You kill the goblin!
You hit the ogre.
The ogre begins to glow.
The ogre is lightly wounded.
The ogre hits you with a +0 giant club!!
Okay, then.
Okay, then.
Okay, then.
Press: ? - help, v - describe, . - travel, g - get item
Here: an ogre, wielding a +0 giant club (lightly wounded, contaminated) Item here: a +0 club.
The floor.
Press: ? - help, v - describe, . - travel The floor.
Unknown command.
You hit the ogre but do no damage.
The ogre glows dangerously bright.
The ogre is lightly wounded.
You completely miss the ogre.
The ogre is lightly wounded.
The ogre hits you with a +0 giant club!
You die...

...# ##.## ####.#### ####.#.##
........#### #...###.########
...........#######...# ##........
.....#.†.†...........#####.######
#.......##.####.........#.##...#
..###....†.O.................#.#
.. ###.#####)#O........#.##...##
.. #.# ##.###p#...#.....)..... ..
#.# #.## ##....##.#.#####.# ..
#>####.###.#...#[.#.......# .h
#.#...#.#.###.#...#.#...#.# ..
#..###............#.#._.#.#
..#####.## ##..####.##..#.#...#.#
#.......# #..# #.###.#.......#
#....##.## ##..# #.# #.#.#####.#
#.#...##.###.#.## #.# #.....O....


You could see an ogre (heavy contam).

Vanquished Creatures
  A phantom (D:4)
  A howler monkey (D:4)
  A bombardier beetle (D:3)
  A hound (D:4)
  4 adders
  2 ribbon worms
  2 dart slugs (D:3)
  4 orcs (D:4)
  8 bats
  13 endoplasms
  4 giant cockroaches
  3 goblins
  5 hobgoblins
  4 jackals (D:1)
  6 kobolds
  2 quokkas
  7 ball pythons
  3 frilled lizards
  2 rats (D:1)
73 creatures vanquished.

Notes
Turn   | Place    | Note
-------+----------+-------------------------------------------
     0 | D:1      | EonDragon20 the Merfolk Shapeshifter began the quest for
                  | the Orb.
     0 | D:1      | Reached XP level 1. HP: 15/15 MP: 1/1
     5 | D:1      | You fall into a shaft and drop 1 floor!
   360 | D:2      | Reached XP level 2. HP: 21/21 MP: 2/2
   716 | D:1      | Reached skill level 5 in Shapeshifting
  1015 | D:1      | Reached XP level 3. HP: 26/26 MP: 3/3
  1814 | D:2      | Found a faded altar of an unknown god.
  2161 | D:3      | Reached skill level 6 in Shapeshifting
  2163 | D:3      | Reached XP level 4. HP: 31/32 MP: 4/4
  3035 | D:4      | Found a white marble altar of Elyvilon.
  3134 | D:4      | Noticed an ogre
  3248 | D:4      | Noticed an ogre
  3294 | D:3      | Reached skill level 7 in Shapeshifting
  3294 | D:3      | Reached XP level 5. HP: 31/37 MP: 5/5
  3394 | D:4      | Found a burning altar of Makhleb.
  3493 | D:4      | Noticed a phantom
  3503 | D:4      | Killed a phantom
  3504 | D:4      | Reached XP level 6. HP: 36/44 MP: 6/6
  3772 | D:4      | Slain by an ogre

Illustrated notes

Levels and vault maps discovered:
D:1:      minmay_arrival_pointy, layout_basic, serial_curves, eino_curves_02,
          eino_curves_03
D:2:      layout_basic, dreamdust_ecumenical_altar_hidden_monk_grotto
D:3:      layout_rooms, grunt_ministairs_3
D:4:      layout_loops_ring, mainiacjoe_overflow_six_doors_small,
          nicolae_hepliaklqana_hazy_memory, mainiacjoe_overflow_cross_hatched,
          makhleb_heckhound_becter, mainiacjoe_overflow_catwalk

Skill      XL: |  1  2  3  4  5  6 |
---------------+-------------------+-----
Shapeshifting  | 5 6 7 |  7.1
Dodging        | 3 |  3.9
Fighting       | 2 |  2.5
Unarmed Combat | 4 |  4.1

Action                     |  1- 3 |  4- 6 || total
---------------------------+-------+-------++-------
  Melee: Unarmed           |   116 |   114 ||   230
         Punch             |     2 |     1 ||     3
    Use: Scroll            |     8 |       ||     8
   Stab: Sleeping          |     1 |     2 ||     3
 Armour: Skin              |     2 |    18 ||    20
         Animal skin       |    54 |    18 ||    72
  Dodge: Dodged            |    68 |    62 ||   130
   Form: Flux              |     1 |     1 ||     2
         Beast             |     1 |       ||     1
